 Dungeon Crawl Stone Soup version 0.28-a0-1447-ga5a8893891 (webtiles) character file.

Game seed: 5423949647442191228

1288 browni3141 the Shield-Bearer (level 8, -10/58 HPs)
             Began as a Human Fighter on Jan 11, 2022.
             Was a Believer of Okawaru.
             Mangled by Duvessa (14 damage)
             ... on level 5 of the Dungeon.
             The game lasted 00:09:34 (6517 turns).

browni3141 the Shield-Bearer (Human Fighter)        Turns: 6517, Time: 00:09:34

Health: -10/58     AC: 12    Str: 19    XL:     8   Next: 85%
Magic:  10/11      EV:  4    Int: 11    God:    Okawaru [**....]
Gold:   240        SH: 11    Dex: 13    Spells: 7/7 levels left

rFire   . . .      SeeInvis .   p - +6 falchion of the Spinneret {pain, rPois Int+3}
rCold   . . .      Faith    .   t - +2 kite shield
rNeg    . . .      Spirit   .   s - +0 plate armour
rPois   +          Reflect  .   v - +0 helmet
rElec   .          Harm     .   (no cloak)
rCorr   .          Rampage  .   (no gloves)
Will    .....                   (no boots)
Stlth   ..........              (no amulet)
HPRegen 0.19/turn               (no ring)
MPRegen 0.12/turn               (no ring)

@: no status effects
A: no striking features
a: Renounce Religion, Heroism


You were on level 5 of the Dungeon.
You worshipped Okawaru.
Okawaru was pleased with you.
You visited 2 branches of the dungeon, and saw 7 of its levels.

You collected 240 gold pieces.

Inventory:

Hand Weapons
 a - a +0 long sword
 i - a +2 hand axe of flaming
 p - the +6 falchion of the Spinneret (weapon) {pain, rPois Int+3}
   (You found it on level 3 of the Dungeon)

   In the hands of one skilled in necromantic magic, it inflicts extra damage on
   living creatures.
   Int:       It affects your intelligence (+3).
   rPois:     It protects you from poison.
 D - a +0 giant spiked club
Missiles
 l - 130 stones
 u - 3 boomerangs
 x - 8 poisoned darts (quivered)
 z - 5 boomerangs of dispersal
Armour
 b - a +0 scale mail
 c - a +0 buckler
 s - a +0 plate armour (worn)
 t - a +2 kite shield (worn)
 v - a +0 helmet (worn)
Jewellery
 C - a ring of ice
Scrolls
 e - 2 scrolls of holy word {unknown}
 f - 4 scrolls of identify {unknown}
 g - 2 scrolls of magic mapping {unknown}
 h - 2 scrolls of teleportation {unknown}
 k - 2 scrolls of amnesia {unknown}
 n - a scroll of vulnerability {unknown}
 y - a scroll of enchant weapon {unknown}
 E - a scroll of silence {unknown}
Potions
 d - 2 potions of lignification {unknown}
 j - a potion of haste {unknown}
 m - a potion of curing {unknown}
 o - a potion of brilliance {unknown}
 q - a potion of mutation {unknown}
 r - a potion of cancellation {unknown}
 A - a potion of resistance {unknown}
 B - a potion of magic {unknown}


   Skills:
 - Level 3.0 Fighting
 + Level 4.3 Long Blades
 - Level 4.0 Axes
 + Level 2.1 Throwing
 - Level 3.0 Armour
 + Level 4.0 Stealth
 - Level 5.0 Shields
 + Level 3.7 Necromancy
 + Level 4.0 Invocations


You had 7 spell levels left.
You didn't know any spells.
Your spell library contained the following spells:

 Spells                   Type           Power      Damage    Failure   Level
 Shock                    Conj/Air       0%         1d3       100%        1
 Sting                    Tmut/Pois      0%         1d3       100%        1
 Poisonous Vapours        Pois/Air       0%         N/A       100%        2
 Sublimation of Blood     Necr           8%         N/A       100%        2
 Wereblood                Tmut           0%         N/A       100%        2
 Frozen Ramparts          Ice            0%         1d2       100%        3
 Gell's Gravitas          Tloc           0%         N/A       100%        3
 Lesser Beckoning         Tloc           0%         N/A       100%        3
 Swiftness                Air            0%         N/A       100%        3
 Teleport Other           Tloc           0%         N/A       100%        3
 Airstrike                Air            0%         N/A       100%        4
 Ice Form                 Ice/Tmut       0%         N/A       100%        4
 Olgreb's Toxic Radiance  Pois           0%         N/A       100%        4
 Summon Ice Beast         Ice/Summ       Unusable   N/A       N/A         4
 Summon Hydra             Summ           Unusable   N/A       N/A         7

Dungeon Overview and Level Annotations

Branches:
Dungeon (6/15)             Temple (1/1) D:4

Altars:
Dithmenos
Elyvilon
Fedhas
Gozag
Hepliaklqana
Kikubaaqudgha
Nemelex Xobeh
Okawaru
Qazlal
Ru
Sif Muna
Trog
Vehumet
Wu Jian
Xom
Yredelemnul
Zin
The Shining One

Annotations:
D:2 1 runed translucent door, Crazy Yiuf
D:5 Duvessa


Message History

Okay, then.
You barely miss Duvessa.
Duvessa is severely wounded.
You block Duvessa's attack.
The scorpion stings you but does no damage.
Unknown command.
You hit Duvessa but do no damage.
Duvessa is severely wounded.
Duvessa hits you with a +3 vampiric short sword!
Duvessa draws strength from your wounds!
The scorpion stings you but does no damage.
You block Duvessa's attack. You block the scorpion's attack.
Unknown command.
You hit Duvessa.
Duvessa writhes in agony.
Duvessa is severely wounded.
Duvessa looks more healthy.
Duvessa hits you with a +3 vampiric short sword.
Duvessa draws strength from your wounds!
Duvessa hits you but does no damage. You block the scorpion's attack.
Unknown command.
The scorpion looks more healthy.
Duvessa hits you with a +3 vampiric short sword!
Duvessa draws strength from your wounds!
The scorpion stings you!
* * * LOW HITPOINT WARNING * * *
Duvessa hits you with a +3 vampiric short sword!
* * * LOW HITPOINT WARNING * * *
You climb upwards.
There is a stone staircase leading down here.
Okay, then.
Aiming: Iceblast
Press: ? - help, Shift-Dir - straight line The mass of ice explodes!
The iceblast engulfs Duvessa!
Duvessa is almost dead.
The iceblast engulfs the scorpion!
You kill the scorpion!
Okawaru accepts your kill.
The now-empty wand crumbles to dust.
Duvessa hits you with a +3 vampiric short sword!
You die...

##########.........#.........>...
#..........#.............
##...##.##.####'####...##
#########.####..########
#................
#................
#................
##########..##...##
#.@#...####'###'###
#e.................
#.......[..........
#..................
#..................
####...##.####....###
#..###########....###
#.......#.<........#.
#.......#..........#.


You could see Duvessa (berserk).

Vanquished Creatures
  Edmund (D:4)
  An ogre (D:5)
  2 necrophages (D:5)
  A phantom (D:4)
  2 scorpions
  A water moccasin zombie (D:5)
  Dowan (D:6)
  2 water moccasin skeletons (D:4)
  A hound (D:5)
  A bullfrog zombie (D:5)
  A jelly (D:4)
  2 orc priests (D:3)
  2 bullfrog skeletons (D:5)
  A centaur skeleton (D:4)
  Jessica (D:2)
  Ijyb (D:4)
  3 iguanas
  2 orc wizards
  A hound skeleton (D:4)
  Robin (D:4)
  3 adders
  3 worms
  3 dart slugs (D:1)
  15 orcs
  2 ball pythons (D:4)
  9 endoplasms
  4 giant cockroaches
  13 goblins
  9 hobgoblins
  9 jackals
  A quokka (D:3)
  4 bats
  6 frilled lizards
  3 kobolds
  7 rats
119 creatures vanquished.

Notes
Turn   | Place    | Note
-------+----------+-------------------------------------------
     0 | D:1      | browni3141 the Human Fighter began the quest for the Orb.
     0 | D:1      | Reached XP level 1. HP: 18/18 MP: 1/1
    50 | D:1      | Reached XP level 2. HP: 24/24 MP: 2/2
   400 | D:1      | Reached skill level 4 in Shields
   400 | D:1      | Reached XP level 3. HP: 29/29 MP: 3/3
   438 | D:1      | Found a faded altar of an unknown god.
   927 | D:2      | You fall into a shaft and drop 2 floors!
  1007 | D:4      | Found a staircase to the Ecumenical Temple.
  1016 | Temple   | Entered the Ecumenical Temple
  1217 | Temple   | Became a worshipper of Warmaster Okawaru
  1281 | D:4      | Reached skill level 1 in Axes
  1281 | D:4      | Reached XP level 4. HP: 19/35 MP: 4/4
  1569 | D:4      | Reached XP level 5. HP: 41/41 MP: 5/5
  1994 | D:2      | Noticed Jessica
  2007 | D:2      | Killed Jessica
  2008 | D:2      | Reached skill level 5 in Shields
  2328 | D:2      | Found a runed translucent door.
  2329 | D:2      | Noticed Crazy Yiuf
  3094 | D:3      | Found a sacrificial altar of Ru.
  3513 | D:3      | Reached XP level 6. HP: 47/47 MP: 6/6
  3712 | D:3      | Identified the +6 falchion of the Spinneret {pain, rPois
                  | Int+3}
  4602 | D:4      | Reached skill level 1 in Necromancy
  4625 | D:4      | Noticed Robin
  4639 | D:4      | Reached skill level 1 in Invocations
  4646 | D:3      | Reached skill level 1 in Stealth
  4853 | D:4      | Killed Robin
  4921 | D:4      | Reached XP level 7. HP: 45/52 MP: 6/8
  5079 | D:4      | Reached * piety under Okawaru
  5080 | D:4      | Noticed Ijyb
  5088 | D:4      | Killed Ijyb
  5491 | D:4      | Noticed Edmund
  5515 | D:4      | Killed Edmund
  5516 | D:4      | Reached XP level 8. HP: 55/58 MP: 8/10
  5716 | D:5      | Entered Level 5 of the Dungeon
  5945 | D:5      | Found a radiant altar of Vehumet.
  5946 | D:5      | Found a bloodstained altar of Trog.
  5946 | D:5      | Found a shimmering altar of Xom.
  5957 | D:5      | Reached skill level 1 in Throwing
  6121 | D:5      | Reached ** piety under Okawaru
  6423 | D:5      | Found a basalt altar of Yredelemnul.
  6505 | D:6      | Noticed Duvessa
  6505 | D:6      | Noticed Dowan
  6511 | D:6      | Killed Dowan
  6517 | D:5      | Mangled by Duvessa

Illustrated notes

Levels and vault maps discovered:
D:1:      minmay_arrival_cross, layout_basic,
          dreamdust_ecumenical_altar_hidden_monk_grotto
D:2:      layout_basic, uniq_crazy_yiuf_cottage, uniq_jessica
D:3:      layout_loops_corners, nicolae_ru_great_annihilating_truth
D:4:      layout_cave_pods, minmay_temple_entry_tees, serial_column_ruins,
          column_ruins_hut, column_ruins_open_small, column_ruins_grid_1,
          column_ruins_open_tiny, column_ruins_open_small_water,
          column_ruins_open_small, column_ruins_grid_1, uniq_robin, uniq_ijyb,
          uniq_edmund
D:5:      layout_gridville, nicolae_overflow_hidden_temple,
          grunt_temple_overflow_open, grunt_decor_fettered
D:6:      layout_basic, serial_shops, nicolae_square_shop,
          kennysheep_small_circle, uniq_sigmund, uniq_duvessa, uniq_eustachio,
          uniq_grinder
Temple:   nicolae_temple_figure_eight

Skill      XL: |  1  2  3  4  5  6  7  8 |
---------------+-------------------------+-----
Shields        | 4 5 |  5.0
Axes           | 1 2 3 4 |  4.0
Necromancy     | 1 2 3 |  3.7
Invocations    | 1 3 4 |  4.0
Stealth        | 1 2 4 |  4.0
Long Blades    | 3 4 |  4.3
Throwing       | 2 |  2.1
Fighting       | |  3.0
Armour         | |  3.0

Action                   |  1- 3 |  4- 6 |  7- 9 || total
-------------------------+-------+-------+-------++-------
Melee: Long sword        |    38 |       |       ||    38
       Hand axe          |    24 |    85 |       ||   109
       Falchion          |       |    66 |   120 ||   186
Throw: Stone             |     4 |     2 |       ||     6
       Dart              |       |       |     6 ||     6
Evoke: Wand              |       |       |     8 ||     8
  Use: Potion            |       |     1 |       ||     1
 Stab: Invisible         |       |     1 |       ||     1
       Paralysed         |       |     1 |       ||     1
Armor: Scale mail        |    14 |    39 |       ||    53
       Plate armour      |       |    30 |    60 ||    90
Dodge: Dodged            |    24 |    43 |    10 ||    77
Block: Buckler           |    14 |    26 |       ||    40
       Kite shield       |       |    42 |    76 ||   118

Table legend: (Time is in decaauts)
 A = Elapsed time spent in this place.
 B = Non-inter-level travel time spent in this place.
 C = Inter-level travel time spent in this place.
 D = Time resting spent in this place.
 E = Time spent auto-exploring this place.
 F = Levels seen in this place.
 G = Mean time per level.
                   A        B        C        D        E       F      G
               +--------+--------+--------+--------+--------+-----+--------+
         Total |   6616 |   6390 |    226 |    625 |   4632 |   7 |  945.1 |
       Dungeon |   6402 |   6187 |    215 |    625 |   4433 |   6 | 1067.0 |
        Temple |    213 |    202 |     11 |      0 |    199 |   1 |  213.0 |
               +--------+--------+--------+--------+--------+-----+--------+

Top non-repeatable levels by time:
     D:2: 1619 daAuts
     D:3: 1569 daAuts
     D:4: 1455 daAuts
     D:1: 938 daAuts
     D:5: 808 daAuts
  Temple: 213 daAuts
     D:6: 12 daAuts
